 Dungeon Crawl Stone Soup version 0.29-a0-732-g3d7fbe0af2 (webtiles) character file.

Game seed: 9976247985157688617

22535 coolguy69 the Covert (level 13, -9/70 HPs)
             Began as a Vine Stalker Monk on June 30, 2022.
             Was a High Priest of Makhleb.
             Mangled by an orc warrior
             ... wielding a +0 halberd
              (28 damage)
             ... on level 2 of the Orcish Mines.
             The game lasted 00:24:21 (12651 turns).

coolguy69 the Covert (Vine Stalker Monk)           Turns: 12651, Time: 00:24:21

Health: -9/70      AC: 11    Str: 16    XL:     13   Next: 0%
Magic:  0/31       EV: 16    Int:  9    God:    Makhleb [*****.]
Gold:   1016       SH:  9    Dex: 19    Spells: 12/12 levels left

rFire   . . .      SeeInvis +   H - +10 rapier "Renyn" {vorpal, rN+++ Will- Str-2 SInv}
rCold   . . .      Faith    .   F - +0 buckler
rNeg    + + +      Spirit   +   S - +2 troll leather armour
rPois   .          Reflect  +   q - +0 helmet
rElec   .          Harm     .   (no cloak)
rCorr   .          Rampage  .   p - +0 pair of gloves
Will    .....                   B - +2 pair of boots
Stlth   +++++.....              h - amulet of reflection
HPRegen 1.81/turn               j - ring of magical power
MPRegen 0.22/turn               G - +4 ring of slaying

@: no status effects
A: fangs 3, regeneration 1, magic shield, antimagic bite, no potion heal 2,
clumsy 1, strong 1
a: Renounce Religion, Minor Destruction, Lesser Servant of Makhleb, Major
Destruction, Greater Servant of Makhleb


You were on level 2 of the Orcish Mines.
You worshipped Makhleb.
Makhleb was extremely pleased with you.
You visited 3 branches of the dungeon, and saw 15 of its levels.
You also visited: Ossuary.

You collected 1391 gold pieces.
You spent 375 gold pieces at shops.

Inventory:

Hand Weapons
 H - the +10 rapier "Renyn" (weapon) {vorpal, rN+++ Will- Str-2 SInv}
   (You bought it in a shop on level 3 of the Dungeon)

   It inflicts extra damage upon your enemies.
   Str:       It affects your strength (-2).
   rN:        It renders you almost immune to negative energy.
   SInv:      It lets you see invisible.
   Will:      It decreases your willpower.
 K - a +2 dagger of venom
Missiles
 I - 7 throwing nets (quivered)
Armour
 p - a +0 pair of gloves (worn)
 q - a +0 helmet (worn)
 B - a +2 pair of boots (worn)
 F - a +0 buckler (worn)
 S - a +2 troll leather armour (worn)
Jewellery
 h - an amulet of reflection (around neck)
 j - a ring of magical power (left hand)
 G - a +4 ring of slaying (right hand)
Wands
 m - a wand of mindburst (20)
 v - a wand of paralysis (3)
 N - a wand of flame (5)
Scrolls
 k - 5 scrolls of magic mapping
 o - a scroll of fear
 t - 2 scrolls of poison
 u - 3 scrolls of enchant weapon
 w - 2 scrolls of vulnerability
 x - 2 scrolls of immolation
 z - 2 scrolls of amnesia
 A - a scroll of fog
 E - 2 scrolls of noise
 J - a scroll of torment {unknown}
 M - a scroll of brand weapon
 R - a scroll of teleportation
Potions
 b - 3 potions of haste {unknown}
 d - 5 potions of heal wounds {unknown}
 e - 8 potions of curing {unknown}
 f - a potion of mutation
 g - 6 potions of attraction {unknown}
 i - 3 potions of lignification
 l - 3 potions of magic
 n - 3 potions of cancellation
 s - 2 potions of flight {unknown}
 C - 2 potions of brilliance
 L - 3 potions of invisibility
 O - a potion of resistance
 Q - a potion of berserk rage


   Skills:
 + Level 8.9 Fighting
 - Level 8.0 Short Blades
 + Level 8.1 Dodging
 + Level 12.9 Stealth
 * Level 11.6 Invocations


You had 12 spell levels left.
You didn't know any spells.
Your spell library contained the following spells:

 Spells                   Type           Power      Damage    Failure   Level
 Apportation              Tloc           0%         N/A       56%         1
 Beastly Appendage        Tmut           0%         N/A       56%         1
 Slow                     Hex            0%         N/A       56%         1
 Sting                    Tmut/Pois      0%         1d3       56%         1
 Blink                    Tloc           0%         N/A       71%         2
 Poisonous Vapours        Pois/Air       0%         N/A       71%         2
 Scorch                   Fire           0%         2d5       71%         2
 Static Discharge         Conj/Air       0%         N/A       71%         2
 Wereblood                Tmut           0%         N/A       71%         2
 Confusing Touch          Hex            0%         N/A       90%         3
 Mephitic Cloud           Conj/Pois/Air  0%         N/A       90%         3
 Spider Form              Tmut/Pois      0%         N/A       90%         3
 Vampiric Draining        Necr           0%         2d6       90%         3
 Olgreb's Toxic Radiance  Pois           0%         N/A       100%        4
 Sticky Flame             Conj/Fire      0%         2d3       100%        4
 Alistair's Intoxication  Tmut/Pois      0%         N/A       100%        5
 Manifold Assault         Tloc           0%         N/A       100%        5
 Storm Form               Tmut/Air       0%         N/A       100%        7


Dungeon Overview and Level Annotations

Branches:
Dungeon (12/15)            Temple (1/1) D:4             Orc (2/2) D:9
Ossuary (visited)
   Lair: D:8-11         Elf: Orc:2

Altars:
Ashenzari
Cheibriados
Dithmenos
Elyvilon
Fedhas
Gozag
Hepliaklqana
Kikubaaqudgha
Makhleb
Nemelex Xobeh
Okawaru
Qazlal
Ru
Sif Muna
Trog
Uskayaw
Vehumet
Wu Jian
Xom
Yredelemnul
Zin
The Shining One

Shops:
D:3 *   D:11 [   Orc:1 (([

Annotations:
D:10 2 transporters, gobodom's ghost, journeyman DsBr


Innate Abilities, Weirdness & Mutations

You have razor-sharp teeth.
Your natural rate of healing is unusually fast.
When hurt, damage is shared between your health and your magic reserves.
Your bite disrupts and absorbs the magic of your enemies.
Potions cannot restore your health.
You are clumsy. (Dex -2)
Your muscles are strong. (Str +4, Int/Dex -1)


Message History

You kill the ogre!
Makhleb accepts your kill.
You barely miss the troll. You bite the troll. You drain its power.
The troll is lightly wounded.
The troll bites you but does no damage. The troll misses you.
The troll barely misses you.
You puncture the troll!
The troll is heavily wounded.
The ogre completely misses you. The troll misses you.
You block the troll's attack. The troll barely misses you.
The orc warrior closely misses you.
You puncture the troll! Your bite misses the troll.
The troll is almost dead.
The ogre hits you with a +0 giant club!!
The troll closely misses you. The troll claws you!
You block the troll's attack. The orc closely misses you.
The orc warrior misses you.
You impale the troll!!
You kill the troll!
Makhleb accepts your kill.
You feel better.
You have reached level 13!
The orc knight roars a battlecry!
The orcs go into a battle-frenzy!
The orc warrior throws a boomerang.
The boomerang closely misses you. You block the ogre's attack.
You hear a shout! x2
The orc misses you. The orc hits you with a +0 flail.
The orc warrior barely misses you. The ogre hits you with a +0 giant club!
The orc knight roars a battlecry!
The orc completely misses you. The orc hits you with a +0 flail!
The orc warrior hits you from afar with a +0 halberd!!
The orc priest mumbles some strange prayers to Beogh against you.
Beogh smites you!
* * * LOW HITPOINT WARNING * * *
You hear a shout!
You block the orc's attack. x2
The orc warrior hits you from afar with a +0 halberd!!
You die...

##....#.##..........#
#........##.......#.##
##########.....##......## #
###.#.#.###.....<.......##
##........#.#...........##
#......o...o.o.........##
###........#.#oo......##.##
#.#....o.#.T..#O..........#
......o##o...#.#@........###
.....o..#...##.oo..........#
#..........#.......#........#
...o.......#........[.......#
..................##)#.......
o......#...........#........#
........#.##...............#
....#..########...........##
...#.... #..........##


You could see an orc knight, an orc warrior (strong), an ogre, an orc priest
(strong), an orc wizard (strong) and 2 orcs.

Vanquished Creatures
  Harold (D:9)
  A rakshasa (D:12)
  A boulder beetle (D:12)
  Erica (D:9)
  3 two-headed ogres
  Urug (D:10)
  A deep elf pyromancer (D:12)
  Pikel (D:7)
  An orc sorcerer (Orc:2)
  3 cyclopes
  Joseph (D:7)
  2 unseen horrors
  A kobold demonologist (D:11)
  Maggie (D:8)
  6 trolls
  2 hornets
  16 yaks
  2 shadows (D:11)
  A wyvern (D:8)
  A wraith (D:9)
  7 fire bats
  2 steam dragons
  Grum (D:10)
  A warg (D:9)
  5 vampire mosquitoes
  2 water moccasins
  A hell hound (D:9)
  2 ice beasts (D:7)
  15 orc warriors
  2 black bears (D:9)
  7 ogres
  3 wolves (D:10)
  3 elf zombies (Ossuary)
  4 lemures (D:7)
  3 kobold brigands
  3 bullfrogs
  3 scorpions
  A gnoll sergeant (D:5)
  3 necrophages
  41 killer bees
  2 lava snakes (D:9)
  2 human zombies (Ossuary)
  4 hounds
  2 jellies
  2 iguanas (D:5)
  14 orc priests
  Jessica (D:2)
  16 orc wizards
  3 mummies
  Robin (D:3)
  13 gnolls
  4 adders
  A white imp (D:5)
  An ufetubus (D:3)
  An adder zombie (Ossuary)
  A worm (D:3)
  2 dart slugs
  64 orcs
  6 endoplasms
  3 giant cockroaches
  15 goblins
  10 hobgoblins
  5 jackals (D:3)
  2 quokkas
  6 ball pythons
  7 bats
  3 frilled lizards
  2 goblin zombies (Ossuary)
  8 hobgoblin zombies (Ossuary)
  2 jackal zombies (Ossuary)
  21 kobolds
  10 kobold zombies
  10 orc zombies
  5 rats
  A spectral kobold (D:12)
  2 fire vortices (D:9)
408 creatures vanquished.

Vanquished Creatures (others)
  A wizard (D:9)
  A manticore (D:10)
  A fire vortex (D:9)
  A plant (D:9)
4 creatures vanquished.

Grand Total: 412 creatures vanquished

Notes
Turn   | Place    | Note
-------+----------+-------------------------------------------
     0 | D:1      | coolguy69 the Vine Stalker Monk began the quest for the
                  | Orb.
     0 | D:1      | Reached XP level 1. HP: 11/11 MP: 2/2
   767 | D:1      | Found a faded altar of an unknown god.
   789 | D:1      | Reached XP level 2. HP: 12/16 MP: 1/3
   962 | D:1      | Reached skill level 3 in Stealth
  1288 | D:2      | Reached XP level 3. HP: 18/19 MP: 4/4
  1545 | D:2      | Gained mutation: Your natural rate of healing is unusually
                  | fast. [Vine Stalker growth]
  1545 | D:2      | Reached XP level 4. HP: 3/24 MP: 5/5
  1729 | D:2      | Noticed Jessica
  1733 | D:2      | Killed Jessica
  1734 | D:2      | Reached skill level 4 in Stealth
  2114 | D:3      | Reached XP level 5. HP: 28/28 MP: 6/6
  2153 | D:3      | Noticed Robin
  2189 | D:3      | Killed Robin
  2372 | D:3      | Found a glowing drain.
  2493 | D:3      | Found Ecudwise's Assorted Antiques.
  2556 | D:4      | Found Ittiomuil's Antique Armour Boutique.
  2582 | D:4      | Reached skill level 5 in Stealth
  2591 | D:4      | Reached XP level 6. HP: 27/32 MP: 7/7
  2642 | D:4      | Found a shimmering altar of Xom.
  2796 | D:4      | Found a sand-covered staircase.
  2804 | Ossuary  | Entered an ossuary
  2920 | Ossuary  | Reached skill level 6 in Stealth
  2947 | Ossuary  | Reached XP level 7. HP: 30/37 MP: 8/8
  3336 | D:4      | Found a staircase to the Ecumenical Temple.
  3483 | D:5      | Entered Level 5 of the Dungeon
  3519 | D:5      | Reached skill level 7 in Stealth
  3660 | D:5      | Gained mutation: You have razor-sharp teeth. [Vine Stalker
                  | growth]
  3660 | D:5      | Reached XP level 8. HP: 42/42 MP: 9/9
  3730 | Temple   | Entered the Ecumenical Temple
  3826 | Temple   | Became a worshipper of Makhleb the Destroyer
  3826 | Temple   | Reached * piety under Makhleb
  3826 | Temple   | Reached ** piety under Makhleb
  4217 | D:5      | Reached skill level 1 in Invocations
  4872 | D:6      | Noticed a troll
  4877 | D:6      | Killed a troll
  4878 | D:6      | Reached skill level 8 in Stealth
  4950 | D:6      | Reached skill level 5 in Fighting
  4984 | D:6      | Reached skill level 5 in Short Blades
  5406 | D:7      | Reached XP level 9. HP: 45/47 MP: 12/12
  5468 | D:7      | Noticed Pikel
  5502 | D:7      | Killed Pikel
  5686 | D:7      | Reached skill level 5 in Dodging
  5818 | D:7      | Noticed a troll
  5837 | D:7      | Killed a troll
  5838 | D:7      | Reached skill level 9 in Stealth
  5838 | D:7      | Reached skill level 5 in Invocations
  5875 | D:7      | Found a flagged portal.
  6028 | D:7      | HP: 1/48 [yak (8)]
  6032 | D:7      | Noticed Joseph
  6165 | D:7      | Killed Joseph
  6251 | D:7      | Reached XP level 10. HP: 18/53 MP: 5/15
  6280 | D:7      | HP: 2/53 [ogre/+0 giant club (13)]
  6284 | D:7      | Gained mutation: You are clumsy. (Dex -2) [potion of
                  | mutation]
  6284 | D:7      | Gained mutation: Your muscles are strong. (Str +4, Int/Dex
                  | -1) [potion of mutation]
  6455 | D:7      | Reached *** piety under Makhleb
  6693 | D:7      | Found a radiant altar of Vehumet.
  6728 | D:7      | Reached skill level 10 in Stealth
  7154 | D:3      | Bought a glowing dagger for 125 gold pieces
  7154 | D:3      | Bought a bloodstained rapier for 225 gold pieces
  7154 | D:3      | Identified the +10 rapier "Renyn" {vorpal, rN+++ Will-
                  | Str-2 SInv} (You bought it in a shop on level 3 of the
                  | Dungeon)
  7154 | D:3      | Bought a scroll labelled LUTUNG YKHE for 25 gold pieces
  7391 | D:8      | Noticed Maggie
  7445 | D:8      | Killed Maggie
  7509 | D:8      | Noticed a two-headed ogre
  7511 | D:8      | Killed a two-headed ogre
  7852 | D:8      | Got the Reference Book on Scorching Battle Magic
  8586 | D:9      | Noticed Erica
  8596 | D:9      | Killed Erica
  8597 | D:9      | Reached XP level 11. HP: 58/58 MP: 18/18
  8702 | D:9      | Found a staircase to the Orcish Mines.
  8757 | D:9      | Reached **** piety under Makhleb
  8952 | D:9      | Found a bloodstained altar of Trog.
  8990 | D:9      | Noticed a wizard
  8993 | D:9      | Killed a wizard
  9294 | D:9      | Identified the +7 bardiche "Arcanum" {speed, Str+5}
  9449 | D:10     | Entered Level 10 of the Dungeon
  9464 | D:10     | Found a white marble altar of Elyvilon.
  9480 | D:10     | Noticed Grum
  9496 | D:10     | Killed Grum
  9574 | D:10     | Noticed Urug
  9581 | D:10     | Killed Urug
  9582 | D:10     | Reached skill level 11 in Stealth
  9626 | D:10     | Noticed a manticore
  9629 | D:10     | Noticed gobodom's ghost (journeyman DsBr)
  9633 | D:10     | Noticed a deep elf archer
  9751 | D:10     | Found a broken altar of Ashenzari.
  9798 | D:10     | Noticed a two-headed ogre
  9807 | D:10     | Killed a two-headed ogre
  9844 | D:10     | Found a transporter.
  9852 | D:10     | Found a transporter.
  9898 | D:10     | Killed a manticore
 10168 | D:11     | Found Uqoivo's Superior Scales.
 10259 | D:11     | Noticed a cyclops
 10264 | D:11     | Reached ***** piety under Makhleb
 10271 | D:11     | Killed a cyclops
 10272 | D:11     | Reached XP level 12. HP: 43/64 MP: 16/20
 10634 | D:12     | Reached skill level 10 in Invocations
 10758 | D:12     | Reached skill level 12 in Stealth
 10778 | D:12     | Noticed a centaur warrior
 10778 | D:12     | Noticed a two-headed ogre
 10779 | D:12     | Noticed a boulder beetle
 10798 | D:12     | Killed a boulder beetle
 10810 | D:12     | Found a hazy altar of Hepliaklqana.
 11296 | D:12     | Noticed a two-headed ogre
 11299 | D:12     | Noticed a rakshasa
 11308 | D:12     | Killed a two-headed ogre
 11319 | D:12     | Killed a rakshasa
 11446 | D:12     | Noticed a centaur warrior
 11446 | D:12     | Noticed a two-headed ogre
 11446 | D:12     | Noticed a two-headed ogre
 11621 | Orc:1    | Entered Level 1 of the Orcish Mines
 11621 | Orc:1    | Noticed Harold
 11681 | D:9      | Killed Harold
 11683 | D:9      | HP: 2/65 [troll (3)]
 11947 | Orc:1    | Found Kun Bako's Antique Weapon Shoppe.
 12119 | Orc:1    | Found Voledgh's Antique Armour Shop.
 12134 | Orc:1    | Found Mimajyve's Antique Weapon Shoppe.
 12178 | Orc:1    | Found a dark tunnel.
 12349 | Orc:2    | Entered Level 2 of the Orcish Mines
 12648 | Orc:2    | Reached XP level 13. HP: 54/70 MP: 20/22
 12651 | Orc:2    | Mangled by an orc warrior

Illustrated notes

Levels and vault maps discovered:
D:1:      tarquinn_simple_flora_water_a, layout_rooms,
          dreamdust_ecumenical_altar_grove, dk_noncrumbling_3
D:2:      layout_loops_ring, uniq_jessica
D:3:      layout_basic, cheibrodos_sewer_entry_bend, serial_shops,
          nicolae_shop_stone, uniq_robin
D:4:      layout_basic, old_standard_altar, minmay_temple_entry_waves,
          nicolae_ossuary_entry_giza, nicolae_stop_n_shop_1, nrook_mini_vaults
D:5:      layout_basic, kennysheep_generic_room_3
D:6:      layout_rooms, st_stairs_3
D:7:      layout_cave_pods, vehumet_crystals, lightli_bailey_entry_fortress,
          kennysheep_dice, uniq_joseph, uniq_pikel
D:8:      layout_rooms, serial_co_window_serial, co_window_paths_a,
          co_window_paths_a, co_window_paths_b, co_window_of_opportunity_a,
          co_window_paths_b, co_window_of_opportunity_a, co_window_corner_a,
          co_window_broadway_c, co_window_2corner, co_window_of_opportunity_b,
          co_window_broadway_a, co_window_corner_b, co_window_broadway_b,
          co_window_sun, co_window_4corner_b, glass_columns_a, glass_columns_a,
          glass_columns_b, glass_columns_a, uniq_maggie
D:9:      layout_stronghold, trog_wizard, grunt_lair_entry_orc_guard_hut,
          orc_0_dummy, hangedman_incinerator, uniq_erica
D:10:     layout_roguey, mainiacjoe_overflow_surrounded_room,
          mainiacjoe_overflow_chevrons, gammafunk_ghost_arena, uniq_grum,
          uniq_urug
D:11:     layout_basic, hellmonk_scale_shop
D:12:     wad_woods_minihive, layout_basic, skrybe_limestone_x,
          kennysheep_nondescript, nicolae_hepliaklqana_monster_ancestors
Temple:   minmay_temple_bridge_d
Orc:1:    layout_caves, serial_shops, shop, nicolae_square_shop,
          nicolae_shop_statue_plus, nicolae_volcano_entry_batcave, uniq_harold
Orc:2:    pf_orc_diabolical, layout_diamond_mine

Skill      XL: |  1  2  3  4  5  6  7  8  9 10 11 12 |
---------------+-------------------------------------+-----
Stealth        | 3 4 5 6 7 8 9 10 11 12 | 12.9
Fighting       | 3 4 5 6 7 8 |  8.9
Short Blades   | 3 4 5 6 7 8 |  8.0
Dodging        | 3 4 5 6 7 8 |  8.1
Invocations    | 3 6 8 9 11 | 11.6

Action                   |  1- 3 |  4- 6 |  7- 9 | 10-12 | 13-15 || total
-------------------------+-------+-------+-------+-------+-------++-------
Melee: Short sword       |    66 |   181 |   331 |   114 |       ||   692
       Bite              |    15 |    59 |   125 |   206 |       ||   405
       Punch             |       |     8 |     8 |       |       ||    16
       Rapier            |       |       |       |   493 |       ||   493
  Use: Potion            |       |     1 |     1 |     2 |       ||     4
       Scroll            |       |       |     8 |    14 |       ||    22
 Stab: Sleeping          |     6 |     9 |     8 |    14 |       ||    37
       Distracted        |       |     1 |       |     2 |       ||     3
Armor: Robe              |    10 |       |       |       |       ||    10
       Leather armour    |    14 |    50 |   111 |   163 |       ||   338
       Troll leather arm |       |       |       |     3 |       ||     3
Dodge: Dodged            |    52 |   111 |   261 |   453 |     4 ||   881
Block: Buckler           |       |       |     4 |   306 |     3 ||   313
       Reflection        |       |       |       |     6 |       ||     6

Table legend: (Time is in decaauts)
 A = Elapsed time spent in this place.
 B = Non-inter-level travel time spent in this place.
 C = Inter-level travel time spent in this place.
 D = Time resting spent in this place.
 E = Time spent auto-exploring this place.
 F = Levels seen in this place.
 G = Mean time per level.
                   A        B        C        D        E       F      G
               +--------+--------+--------+--------+--------+-----+--------+
         Total |  12544 |  11445 |   1099 |    858 |   7978 |  16 |  784.0 |
       Dungeon |  11303 |  10315 |    988 |    717 |   7418 |  12 |  941.9 |
        Temple |    167 |     79 |     88 |      0 |     64 |   1 |  167.0 |
  Orcish Mines |    796 |    774 |     22 |    141 |    398 |   2 |  398.0 |
       Ossuary |    276 |    276 |      0 |      0 |     98 |   1 |  276.0 |
               +--------+--------+--------+--------+--------+-----+--------+

Top non-repeatable levels by time:
     D:7: 1597 daAuts
     D:9: 1259 daAuts
     D:5: 1218 daAuts
     D:1: 1155 daAuts
     D:8: 1154 daAuts
     D:2: 894 daAuts
    D:12: 829 daAuts
     D:4: 759 daAuts
    D:11: 700 daAuts
     D:3: 632 daAuts
   Orc:1: 592 daAuts
    D:10: 559 daAuts
     D:6: 542 daAuts
 Ossuary: 276 daAuts
   Orc:2: 203 daAuts
